 Dungeon Crawl Stone Soup version 0.25.1-2-g60ff931df9 (webtiles) character file.

Game seed: 13585904303505032845

46 lepoulpe303 the Chiller (level 3, 0/24 HPs)
             Began as a Merfolk Ice Elementalist on July 31, 2020.
             Slain by a phantom (7 damage)
             ... on level 2 of the Dungeon on Aug 1, 2020.
             The game lasted 00:10:56 (2239 turns).

lepoulpe303 the Chiller (Merfolk Ice Elementalist)  Turns: 2239, Time: 00:10:56

Health: 0/24       AC:  2    Str:  8    XL:     3   Next: 68%
Magic:  4/6        EV: 13    Int: 15    God:
Gold:   141        SH:  0    Dex: 14    Spells: 3/7 levels left

rFire    . . .     SeeInvis .   g - +0 short sword
rCold    . . .     Gourm    .   (no shield)
rNeg     . . .     Faith    .   a - +0 robe
rPois    .         Spirit   .   (no helmet)
rElec    .         Reflect  .   (no cloak)
rCorr    .         Harm     .   (no gloves)
MR       .....                  (no boots)
Stlth    ++........             (no amulet)
HPRegen  0.08/turn              (no ring)
MPRegen  0.10/turn              (no ring)

@: lethally poisoned (0 -> -3)
A: change form in water, swift swim, stealthy swim
a: no special abilities


You were on level 2 of the Dungeon.
You were not hungry.

You visited 1 branch of the dungeon, and saw 2 of its levels.

You collected 141 gold pieces.

Inventory:

Hand Weapons
 g - a +0 short sword (weapon)
Armour
 a - a +0 robe (worn)
 d - a +0 buckler
Scrolls
 b - 5 scrolls of identify {unknown}
 c - a scroll of enchant armour {unknown}
 f - a scroll of fog {unknown}
 i - a scroll of teleportation {unknown}
Potions
 h - a potion of mutation {unknown}
 k - a potion of curing {unknown}
Comestibles
 e - 4 rations
 j - a chunk of flesh


   Skills:
 + Level 0.9 Short Blades
 + Level 3.2 Dodging
 + Level 2.6 Stealth
 + Level 0.1 Shields
 * Level 2.6 Spellcasting
 * Level 4.8 Ice Magic


You had 3 spell levels left.
You knew the following spells:

 Your Spells              Type           Power        Failure   Level  Hunger
a - Freeze                Ice            ###.         3%          1    #......
b - Frozen Ramparts       Ice            ###...       9%          3    ###....

Your spell library contained the following spells:

 Spells                   Type           Power        Failure   Level  Hunger
 Animate Skeleton         Necr           N/A          22%         1    #......
 Apportation              Tloc           #.....       22%         1    #......
 Corona                   Hex            #......      22%         1    #......
 Summon Small Mammal      Summ           #...         22%         1    #......
 Ozocubu's Armour         Chrm/Ice       #.......     24%         3    ###....
 Hailstorm                Conj/Ice       #.......     61%         4    #####..
 Summon Ice Beast         Ice/Summ       #.......     61%         4    #####..


Dungeon Overview and Level Annotations

Branches:
Dungeon (2/15)

Altars:


Message History

* * * LOW HITPOINT WARNING * * *
The adder closely misses you.
You take 6 damage, and have 10/24 hp.
MASSIVE DAMAGE!!
You now have 5/6 mp.
You hit the adder. The phantom misses you. The adder bites you.
* * * LOW HITPOINT WARNING * * *
You are poisoned.
The adder poisons you!
You take 1 damage, and have 9/24 hp.
You barely miss the adder.
You feel sick. The phantom closely misses you. The adder closely misses you.
Your magical contamination has completely faded away.
You take 1 damage, and have 8/24 hp.
You closely miss the adder.
The adder is no longer moving slowly.
The phantom blinks!
The adder misses you.
Aim: an adder (lightly wounded)
You freeze the adder.
The adder seems to slow down.
You feel sick. The phantom hits you!
You die...

###.###.#.##.# #...........#
#..####.....# #.......###.#
#.....#.# .# #.....#w# #
#.....#r# .. #.....#S#
##.##### #.....#@# #..#.K..
#.###.#W# #......# #.#.....#
#..#.#.# #.#.#.######....#.#
#.........##.......
###.#.....<...#.# #
##########.#(###.......#.###
#..........##...####.......(
######.###.##...# #.....##.


You could see a phantom, a worm, an adder (slow) and a rat.

Levels and vault maps discovered:
D:1:      dpeg_arrival_rhombi, layout_basic
D:2:      layout_basic, lightli_temple_of_fire

Notes
Turn   | Place    | Note
-------+----------+-------------------------------------------
     0 | D:1      | lepoulpe303 the Merfolk Ice Elementalist began the quest
                  | for the Orb.
     0 | D:1      | Reached XP level 1. HP: 13/13 MP: 3/3
   151 | D:1      | Identified a +0 club
   247 | D:1      | Identified a +0 short sword
   250 | D:1      | Identified a +0 club
   254 | D:1      | Reached XP level 2. HP: 17/19 MP: 3/5
   379 | D:1      | Identified a +0 club
   638 | D:1      | Identified a +0 ring mail
   999 | D:1      | Reached skill level 3 in Dodging
  1124 | D:2      | Reached XP level 3. HP: 12/24 MP: 1/6
  1405 | D:2      | Noticed a phantom
  1655 | D:2      | Identified a +0 dagger
  1697 | D:2      | Identified a +0 club
  1713 | D:2      | Learned a level 3 spell: Frozen Ramparts
  1774 | D:2      | Identified a +0 club
  2164 | D:2      | Identified a cursed -3 dagger
  2239 | D:2      | Slain by a phantom

Table legend:
 A = Turns spent in this place as a percentage of turns spent in the entire game.
 B = Non-inter-level travel turns spent in this place as a percentage of non-inter-level travel turns spent in the entire game.
 C = Inter-level travel turns spent in this place as a percentage of turns spent in this place.
 D = Turns resting spent in this place as a percentage of non-inter-level travel turns spent in this place.
 E = Turns spent auto-exploring this place as a percentage of non-inter-level travel turns spent in this place.
 F = Non-inter-level travel turns spent in this place divided by the number of levels of this place that you've seen.
                   A       B       C       D       E      F
               +-------+-------+-------+-------+-------+----------------------
         Total | 100.0 | 100.0 |   1.1 |  43.5 |  35.4 | 1107.0
       Dungeon | 100.0 | 100.0 |   1.1 |  43.5 |  35.4 | 1107.0
               +-------+-------+-------+-------+-------+----------------------

Table legend:
 A = Kills in this place as a percentage of kills in entire the game.
 B = Kills by you in this place as a percentage of kills by you in the entire game.
 C = Kills by friends in this place as a percentage of kills by friends in the entire game.
 D = Other kills in this place as a percentage of other kills in the entire game.
 E = Experience gained in this place as a percentage of experience gained in the entire game.
 F = Experience gained in this place divided by the number of levels of this place that you have seen.
                   A       B       C       D       E      F
               +-------+-------+-------+-------+-------+----------------------
         Total | 100.0 | 100.0 |   N/A |   N/A | 100.0 |  33.5
       Dungeon | 100.0 | 100.0 |   N/A |   N/A | 100.0 |  33.5
               +-------+-------+-------+-------+-------+----------------------

Skill      XL: |  1  2 |
---------------+-------+-----
Dodging        | 3 |  3.2
Short Blades   | |  0.9
Stealth        | |  2.6
Shields        | |  0.1
Spellcasting   | |  2.6
Ice Magic      | |  4.8

Action                   || total
-------------------------++-------
Melee: Unarmed           ||     2
       Short sword       ||    76
 Cast: Freeze            ||    35
 Stab: Sleeping          ||     8
  Eat: Chunk             ||     1
       Ration            ||     1
Armor: Robe              ||    11
Dodge: Dodged            ||    74

Vanquished Creatures
  An adder (D:2)
  2 worms (D:2)
  A giant cockroach (D:1)
  4 goblins (D:1)
  6 hobgoblins
  3 bats (D:2)
  4 frilled lizards
  5 kobolds
  8 rats
34 creatures vanquished.
